 Dungeon Crawl Stone Soup version 0.14-a0-1297-g3d87a2a (webtiles) character file.

63 PolkaDot the Ruinous (level 3, -1/24 HPs)
             Began as a Vampire Conjurer on Dec 4, 2013.
             Succumbed to a kobold's poison
             ... on Level 2 of the Dungeon.
             The game lasted 00:02:37 (1045 turns).

PolkaDot the Ruinous (Vampire Conjurer)             Turns: 1045, Time: 00:02:38

HP  -1/24        AC  2     Str  7      XL: 3   Next:  5%
MP   4/6         EV 12     Int 20      God:
Gold 33          SH  0     Dex 14      Spells:  2 memorised,  3 levels left

rFire  + . .     SeeInvis +     d - +0,+1 short sword (venom)
rCold  + . .     Clarity  .     a - +0 robe
rNeg   . . .     Conserve .     (no shield)
rPois  +         rCorr    .     (no helmet)
rElec  +         rRot     .     (no cloak)
SustAb . .       Spirit   .     (no gloves)
rMut   .         Warding  .     (no boots)
Saprov . . .     Stasis   .     (no amulet)
                                (no ring)
                                (no ring)

@: regenerating quickly, very poisoned, slightly resistant to hostile
enchantments, stealthy
A: fangs 3, see invisible, clever 1, unbreathing
a: no special abilities


You were on level 2 of the Dungeon.
You were very full.

You visited 1 branch of the dungeon, and saw 2 of its levels.

You collected 33 gold pieces.

Inventory:

Hand weapons
 d - a +0,+1 short sword of venom (weapon)
Armour
 a - a +0 robe (worn)
Scrolls
 b - a scroll of identify {unknown}
 e - a scroll of fog {unknown}
 g - a scroll of fear {unknown}
Potions
 j - a potion of degeneration {unknown}
Books
 c - a book of Conjurations

   Spells                             Type                      Level
   *Magic Dart                        Conjuration                  1
   *Searing Ray                       Conjuration                  2
   Dazzling Spray                     Conjuration/Hexes            3
   Iskenderun's Mystic Blast          Conjuration                  4
   Iskenderun's Battlesphere          Conjuration/Charms           4
   Fulminant Prism                    Conjuration/Hexes            5


   Skills:
 + Level 1.3 Short Blades
 - Level 2.1 Dodging
 - Level 3.0 Stealth
 - Level 2.0 Spellcasting
 * Level 3.5 Conjurations


You had 3 spell levels left.
You knew the following spells:

 Your Spells              Type           Power        Failure   Level  Hunger
a - Magic Dart            Conj           ###.         3%          1    #......
s - Searing Ray           Conj           ###...       6%          2    ##.....


Dungeon Overview and Level Annotations

Branches:
Dungeon (2/16)

Altars:


Innate Abilities, Weirdness & Mutations

Your natural rate of healing is unusually fast.
You have razor-sharp teeth.*
You have supernaturally acute eyesight.
You can survive without breathing.*
Your mind is acute. (Int +2)


Message History

Things that are here:
a dart; a rat corpse Drink blood from a rat corpse? (ye/n/q/i?) This warm blood tastes delicious!
You feel quite a bit more full.
You stop draining the corpse.
All blood oozes out of the corpse!
* * * LOW HITPOINT WARNING * * *
You feel sick.
Drink which item? (? for menu, Esc to quit)
You feel refreshed.
It was a potion of restore abilities.
* * * LOW HITPOINT WARNING * * *
You feel very sick.
Drink which item? (? for menu, Esc to quit)
You feel clever.
You feel fantastic!
It was a potion of beneficial mutation.
* * * LOW HITPOINT WARNING * * *
You feel sick.
Drink which item? (? for menu, Esc to quit)
You feel protected.
It was a potion of resistance.
You die...

...........+...<......#
............##+#..##.#.#
#..................##.#.#
#..................##>..##
..........................
#..................###.....
#)...##...........##
#....##....##.......
#..@.####'###.#.#..#
#....####.# #.......
+....'....#####.#..#
#....######........# #....#
#......#.## ######
#......#.# #......#.#
##+###.#.## ...........


There were no monsters in sight!

Vanquished Creatures
  A giant gecko (D:1)
  5 bats
  6 goblins
  3 hobgoblins (D:1)
  A ball python (D:1)
  A giant cockroach (D:1)
  2 giant newts (D:1)
  4 kobolds
  4 rats
27 creatures vanquished.

Notes
Turn   | Place    | Note
--------------------------------------------------------------
     0 | D:1      | PolkaDot, the Vampire Conjurer, began the quest for the Orb.
     0 | D:1      | Reached XP level 1. HP: 13/13 MP: 3/3
   322 | D:1      | Reached XP level 2. HP: 17/19 MP: 4/4
   381 | D:1      | Reached skill level 1 in Short Blades
   894 | D:2      | Reached XP level 3. HP: 22/24 MP: 6/6
   898 | D:2      | Learned a level 2 spell: Searing Ray
  1044 | D:2      | Gained mutation: Your mind is acute. (Int +2) [potion of beneficial mutation]
  1044 | D:2      | HP: 1/24 [poisoned by a kobold]
  1045 | D:2      | Succumbed to a kobold's poison

Action                   || total
-------------------------++-------
Melee: Short sword       ||    53
 Cast: Magic Dart        ||     3
       Searing Ray       ||     1
  Use: Potion            ||     4
 Stab: Sleeping          ||     3
